 Dungeon Crawl Stone Soup version 0.29.1-4-g47bece8355 (webtiles) character file.

Game seed: 2807093612610733188

36 CaptainMV the Stinger (level 3, -4/26 HPs)
             Began as a Draconian Venom Mage on Dec 7, 2022.
             Slain by a kobold
             ... wielding a +2 whip of electrocution
              (5 damage)
             ... on level 2 of the Dungeon.
             The game lasted 00:09:45 (1155 turns).

CaptainMV the Stinger (Draconian Venom Mage)        Turns: 1155, Time: 00:09:48

Health: -4/26      AC:  5    Str: 10    XL:     3   Next: 19%
Magic:  5/6        EV: 12    Int: 17    God:
Gold:   12         SH:  5    Dex: 11    Spells: 6/7 levels left

rFire   . . .      SeeInvis .   e - staff of death
rCold   . . .      Faith    .   (no shield)
rNeg    + . .      Spirit   .   (body armour unavailable)
rPois   .          Reflect  +   (helmet restricted)
rElec   .          Harm     .   (no cloak)
rCorr   .          Rampage  .   (no gloves)
Will    .....                   (no boots)
Stlth   ++........              d - amulet of reflection
HPRegen 0.08/turn               (no ring)
MPRegen 0.10/turn               (no ring)

@: no status effects
A: AC +5, unfitting armour, cold-blooded
a: no special abilities


You were on level 2 of the Dungeon.
You visited 1 branch of the dungeon, and saw 2 of its levels.

You collected 12 gold pieces.

Inventory:

Hand Weapons
 b - a +0 dagger
Magical Staves
 e - a staff of death (weapon)
Jewellery
 d - an amulet of reflection (around neck)
Scrolls
 g - a scroll of poison {unknown}
Potions
 a - a potion of magic
 c - a potion of mutation {unknown}
 f - a potion of haste {unknown}
 h - a potion of degeneration {unknown}
 i - a potion of attraction {unknown}
 j - 2 potions of might {unknown}


   Skills:
 + Level 0.3 Fighting
 + Level 0.4 Short Blades
 + Level 1.9 Dodging
 + Level 1.9 Stealth
 + Level 0.2 Unarmed Combat
 + Level 2.6 Spellcasting
 + Level 1.1 Transmutations
 + Level 3.4 Poison Magic


You had 6 spell levels left.
You knew the following spells:

 Your Spells              Type           Power      Damage    Failure   Level
a - Sting                 Tmut/Pois      36%        1d4       7%          1

Your spell library contained the following spells:

 Spells                   Type           Power      Damage    Failure   Level
 Poisonous Vapours        Pois/Air       16%        N/A       14%         2
 Mephitic Cloud           Conj/Pois/Air  6%         N/A       34%         3
 Olgreb's Toxic Radiance  Pois           13%        N/A       41%         4
 Corpse Rot               Necr/Pois/Air  9%         N/A       75%         4
 Dispel Undead            Necr           3%         3d7       88%         4
 Death Channel            Necr           1%         N/A       100%        6


Dungeon Overview and Level Annotations

Branches:
Dungeon (2/15)

Altars:


Innate Abilities, Weirdness & Mutations

Your plain brown scales are hard. (AC +5)
You cannot fit into any form of body armour.
You are cold-blooded and may be slowed by cold attacks.


Message History

The sting misses the kobold.
The kobold hits you but does no damage.
You hit the kobold but do no damage. The kobold barely misses you.
You closely miss the kobold. The kobold hits you but does no damage.
The kobold throws a stone.
The stone hits you but does no damage.
You barely miss the kobold. The kobold hits you but does no damage.
The kobold hits you with a +0 dagger.
You hit the kobold.
Your tail-slap misses the kobold.
The kobold is severely wounded.
You block the kobold's attack. The kobold hits you but does no damage.
The kobold throws a stone.
The stone completely misses you.
An adder comes into view.
You closely miss the kobold. The kobold barely misses you.
The kobold hits you but does no damage. x2; You block the kobold's attack.
The hobgoblin misses you.
The kobold throws a stone.
The stone closely misses you.
You barely miss the kobold.
The kobold is severely wounded.
The adder hisses angrily.
The kobold closely misses you. The kobold hits you but does no damage.
You block the hobgoblin's attack.
You closely miss the kobold.
The kobold is severely wounded.
The kobold closely misses you. You block the kobold's attack.
The kobold hits you but does no damage. The hobgoblin hits you.
You hit the kobold.
You kill the kobold!
You block the kobold's attack.
The kobold hits you with a +2 whip of electrocution.
You are electrocuted!
Ouch! That really hurt!
* * * LOW HITPOINT WARNING * * *
The hobgoblin closely misses you.
Casting: Sting (safe; 7% risk of failure)
Confirm with . or Enter, or press ? or * to list all spells.
Aiming: Sting (safe; 7% risk of failure)
Press: ? - help, Shift-Dir - straight line, f - kobold
Aim: a kobold, wielding a +2 whip of electrocution and quivering stones (60% to hit)
The sting misses the kobold.
The kobold completely misses you.
The kobold hits you with a +2 whip of electrocution.
You die...

......~
.......
.......
.......###
.......##
......######
#.........$
#.K........
#..@)......
#.Kg.......
.....S.######
.........#
.........#
....[....#
.........#
........##


You could see an adder, a hobgoblin and 2 kobolds.

Vanquished Creatures
  A gnoll (D:1)
  A dart slug (D:1)
  2 endoplasms (D:1)
  2 giant cockroaches (D:1)
  A goblin (D:1)
  A hobgoblin (D:1)
  2 jackals (D:1)
  4 kobolds
  2 quokkas (D:1)
  4 ball pythons (D:1)
  2 bats (D:1)
  A rat (D:1)
23 creatures vanquished.

Notes
Turn   | Place    | Note
-------+----------+-------------------------------------------
     0 | D:1      | CaptainMV the Draconian Venom Mage began the quest for the
                  | Orb.
     0 | D:1      | Reached XP level 1. HP: 14/14 MP: 3/3
   470 | D:1      | Reached XP level 2. HP: 18/20 MP: 5/5
   908 | D:1      | Reached XP level 3. HP: 13/26 MP: 6/6
  1154 | D:2      | HP: 1/26 [kobold/+2 whip of electrocution (14)]
  1155 | D:2      | Slain by a kobold

Illustrated notes

Levels and vault maps discovered:
D:1:      sevenhm_arrival_forest_fort_small_6, layout_loops_corners
D:2:      layout_rooms, nicolae_ecumenical_lake_church

Action                   || total
-------------------------++-------
Melee: Dagger            ||    36
       Unarmed           ||    12
       Tailslap          ||     8
       Staff             ||    50
 Cast: Sting             ||    17
 Stab: Sleeping          ||     2
Armor: Skin              ||    31
Dodge: Dodged            ||    75
Block: Other             ||    13
